Cogmind - Beta 15 @@@ ROGUE MODE // 2025.06.15 @ 16:12:10 Player: RNGesus Result: Destroyed by VW-HT8(R) with Subdweller Machine Gun Performance ------------- Evolutions (0) 0 Regions Visited (2) 400 Robots Destroyed (29) 145 Value Destroyed (646) 646 Prototype IDs (0) 0 Alien Tech Used (0) 0 Bonus (0) 0 TOTAL SCORE: 1191 Bonus ------- None Cogmind --------- Core Integrity 0/250 Matter 264/300 Energy 125/125 System Corruption 2% Temperature Cool (9) Movement Core (800) Ox15 Location -10/Subcaves Parts ------- > --- POWER (1) -------- Light Ion Engine > --- PROPULSION (2) --- (None) > --- UTILITY (2) ------ High-capacity Storage Unit Subdweller Optics > --- WEAPON (2) ------- Light Assault Rifle Light Assault Rifle > --- INVENTORY (20) --- Light Nuclear Core Light Nuclear Core Medium Storage Unit Machine Analyzer Light Assault Rifle Light Assault Rifle Grenade Launcher Mining Claw Peak State ------------ > --- POWER ------------ Light Ion Engine > --- PROPULSION ------- Light Treads > --- UTILITY ---------- High-capacity Storage Unit Subdweller Optics > --- WEAPON ----------- Light Assault Rifle Light Assault Rifle > --- INVENTORY -------- Light Nuclear Core Light Nuclear Core Medium Storage Unit Machine Analyzer Light Assault Rifle Light Assault Rifle Grenade Launcher Mining Claw [Rating: 8] Favorites ----------- Power Light Ion Engine Engine Light Ion Engine Propulsion Light Treads Treads Light Treads Wheel Compact Wheel Utility High-capacity Storage Unit Device Subdweller Optics Storage High-capacity Storage Unit Weapon Assault Rifle Ballistic Gun Assault Rifle Launcher Grenade Launcher Build | -11 -10 -10 ------- Run | Yrd Mat Sub Slots Evolved . | . . . Power . | . . . Propulsion . | . . . Utility . | . . . Weapon . | . . . Parts Attached 17 | 6 8 3 Power 3 | 1 1 1 Engine 3 | 1 1 1 Core . | . . . Reactor . | . . . Propulsion 4 | 2 2 . Treads 3 | 2 1 . Leg . | . . . Wheel 1 | . 1 . Hover . | . . . Flight . | . . . Utility 4 | 1 2 1 Device 1 | . . 1 Storage 3 | 1 2 . Processor . | . . . Hackware . | . . . Protection . | . . . Artifact . | . . . Weapon 6 | 2 3 1 Energy Gun . | . . . Energy Cannon . | . . . Ballistic Gun 5 | 2 2 1 Ballistic Cannon . | . . . Launcher 1 | . 1 . Special Weapon . | . . . Impact Weapon . | . . . Slashing Weapon . | . . . Piercing Weapon . | . . . Special Melee Weapon . | . . . Unidentified Prototypes . | . . . Parts Lost 7 | . 5 2 Power 1 | . 1 . Propulsion 4 | . 2 2 Utility . | . . . Weapon 2 | . 2 . Highest Loss Streak 2 | . 2 1 To Critical Strikes . | . . . Average Backups 6 | 1 6 8 Power 2 | . 2 2 Propulsion . | . . . Utility 1 | . 1 2 Weapon 3 | . 3 4 Tool/Special . | . . . Unused Backups 6 | . . 6 Power 2 | . . 2 Propulsion . | . . . Utility 2 | . . 2 Weapon 2 | . . 2 Tool/Special . | . . . Average Slot Usage (%) 78 | . 80 75 Engine 13 | . 13 14 Treads 16 | . 17 14 Wheel 5 | . 7 2 Storage 14 | . 14 14 Ballistic Gun 24 | . 24 25 Launcher 3 | . 3 2 Peak Build Rating 8 | 6 7 8 Average Rating 6 | 4 6 6 On Entrance 4 | . 6 7 Naked Turns . | . . . Heaviest Build 48 | 12 48 47 Greatest Support 40 | 40 40 20 Greatest Overweight (x) 2 | . 2 2 Average Overweight (x) 1 | . 1 2 Largest Inventory Capacity 20 | 8 20 20 Average Capacity 19 | 6 19 20 Most Carried 10 | 2 10 9 Average Carried 6 | 1 6 8 Final Capacity 20 | 8 20 20 Final Carried 9 | 2 9 8 Class Distribution -------------------- 100% | Mutant Dominant Class ---------------- Mutant | -10/Materials Mutant | -10/Subcaves Resources | -11 -10 -10 ----------- Run | Yrd Mat Sub Matter Collected 895 | 260 526 109 Remotely . | . . . Salvage Created 1091 | . 1041 50 Parts 59 | . 58 1 Haulers Intercepted 1 | . 1 . Recyclers Shooed . | . . . Parts Field Recycled . | . . . Retrieved Matter . | . . . Parts Self-Destructed 7 | . . 7 Prevented . | . . . Kills | -11 -10 -10 ------- Run | Yrd Mat Sub Combat Hostiles Destroyed 17 | . 16 1 Guns 17 | . 16 1 Classes Destroyed 10 | . 9 1 Worker 2 | . 2 . Builder 1 | . 1 . Tunneler 1 | . 1 . Hauler 1 | . 1 . Recycler 3 | . 3 . Mechanic 1 | . 1 . Watcher 3 | . 3 . Swarmer 3 | . 3 . Grunt 13 | . 13 . Subdweller 1 | . . 1 Best Kill Streak 4 | . 4 1 Combat Bots Only 3 | . 3 1 Max Kills in Single Turn 1 | . 1 1 Gunslinging . | . . . Exploded . | . . . Melee . | . . . Uniques/NPCs Destroyed . | . . . Combat | -11 -10 -10 -------- Run | Yrd Mat Sub Hostile Shots Fired 103 | . 93 10 Missed 30 | . 27 3 Hits 73 | . 66 7 Projectile 73 | . 66 7 Damage Taken 1147 | . 854 293 Core 258 | . 148 110 Absorbed by Shields . | . . . Core Remaining (%) 100 | 100 . . Volleys Fired 100 | . 87 13 Largest 2 | . 2 2 Hottest 40 | . 40 40 Shots Fired 190 | . 168 22 Gun 182 | . 165 17 Cannon . | . . . Launcher 8 | . 3 5 Special . | . . . Kinetic 182 | . 165 17 Thermal . | . . . Explosive 8 | . 3 5 Electromagnetic . | . . . Robot Hit Streak 9 | . 9 5 Robot Miss Streak 4 | . 3 4 Penetration Max . | . . . Secondary Targets 2 | . 2 . Max Gunslinging Chain 1 | . 1 . Shots Hit Robots 118 | . 109 9 Core Hits 52 | . 50 2 Critical Kills 2 | . 2 . Critical Parts Destroyed . | . . . Critical Strikes 2 | . 2 . Destroy 2 | . 2 . Melee Attacks . | . . . Impact . | . . . Slashing . | . . . Piercing . | . . . Sneak Attacks . | . . . Combat Hostiles . | . . . Follow-up Attacks . | . . . Damage Inflicted 1362 | . 1301 61 Guns 1338 | . 1277 61 Cannons . | . . . Explosions 24 | . 24 . Melee . | . . . Ramming . | . . . Kinetic 1338 | . 1277 61 Thermal . | . . . Explosive 24 | . 24 . Electromagnetic . | . . . Impact . | . . . Slashing . | . . . Piercing . | . . . Highest Corruption 2 | . 2 2 Average Corruption 1 | . 1 2 Corruption Purged . | . . . Corruption Blocked . | . . . Effects 24 | . 13 11 Message Errors 8 | . 4 4 Matter Fused 6 | . 3 3 Heat Flow Errors 3 | . 3 . Energy Discharges 4 | . 1 3 Data Loss (minor) 1 | . 1 . Data Loss (major) 1 | . 1 . Misfires 1 | . . 1 Overload Shots . | . . . Overflow Damage . | . . . Projectiles . | . . . Explosions . | . . . Melee . | . . . Knockbacks . | . . . Impact . | . . . Kinetic . | . . . Secondary . | . . . Self-Inflicted Damage 53 | . 40 13 Shots 2 | . 1 1 Rammed . | . . . Targets Rammed . | . . . Kicked . | . . . Crushed . | . . . Highest Temperature 235 | . 235 . Average Temperature 57 | . 57 . Received Heat Transfer 420 | . 384 36 Siege Activations . | . . . Martial Activations . | . . . Shielding Activations . | . . . Robots Disrupted . | . . . Combat Hostiles . | . . . Robots Corrupted . | . . . Combat Hostiles . | . . . Parts Fried . | . . . Impact Corruptions . | . . . Robots Melted . | . . . Combat Hostiles . | . . . Parts Melted . | . . . Heat Transferred . | . . . Parts Sabotaged . | . . . Parts Stolen . | . . . Parts Stripped . | . . . Power Chain Reactions . | . . . Alert | -11 -10 -10 ------- Run | Yrd Mat Sub Maximum Alert Level . | . . . Low Security (%) 100 | 100 100 . Level 1 . | . . . Level 2 . | . . . Level 3 . | . . . Level 4 . | . . . Level 5 . | . . . High Security . | . . . Max Security . | . . . Peak Influence 130 | . 130 . Initial . | . . . Average 58 | . 60 . Influence Increases 549 | . 549 . Destroy 0b10 Robot/C 320 | . 320 . Destroy 0b10 Robot/NC 60 | . 60 . Destroy Leader 78 | . 78 . Successful Hack 14 | . 14 . Select Force Hacks 30 | . 30 . Destroy Structure 32 | . 32 . Lose Combat Pursuer 15 | . 15 . Influence Decreases 549 | . 463 86 Entered New Map 42 | . . 42 Time Decay 457 | . 413 44 Lost Part 50 | . 50 . Squads Dispatched 3 | . 3 . Investigation 3 | . 3 . Extermination . | . . . Reinforcement . | . . . Assault . | . . . Garrison . | . . . Intercept . | . . . Searches Triggered . | . . . Construction Impeded . | . . . Haulers Reinforced . | . . . Active Scanning Responses . | . . . Cargo Convoy Interrupts . | . . . Stealth | -11 -10 -10 --------- Run | Yrd Mat Sub Distress Signals 2 | . 2 . Communications Jammed . | . . . Distress Signals . | . . . Times Spotted 36 | . 33 3 Peak Tracking Total 6 | . 6 2 Tactical Retreats 1 | . 1 . Traps | -11 -10 -10 ------- Run | Yrd Mat Sub Traps Triggered 6 | . 3 3 Indirectly . | . . . Trap Hack Attempts . | . . . Triggered . | . . . Disarmed . | . . . Reprogrammed . | . . . Reused . | . . . Traps Extracted . | . . . Installed . | . . . Triggered . | . . . Machines | -11 -10 -10 ---------- Run | Yrd Mat Sub Machines Disabled . | . . . Max in Single Turn . | . . . Machines Repaired . | . . . Machines Dismantled . | . . . Machines Sabotaged . | . . . Overloaded Fab Kills . | . . . Hacking | -11 -10 -10 --------- Run | Yrd Mat Sub Machines Accessed 6 | . 6 . Terminals 5 | . 5 . Fabricators . | . . . Repair Stations . | . . . Recycling Units 1 | . 1 . Scanalyzers . | . . . Garrison Access . | . . . Total Hacks 11 | . 11 . Successful 6 | . 6 . Failed 5 | . 5 . Catastrophic 1 | . 1 . Database Lockouts . | . . . Manual 8 | . 8 . Terminals 9 | . 9 . Fabricators . | . . . Repair Stations . | . . . Recycling Units 2 | . 2 . Scanalyzers . | . . . Garrison Access . | . . . Terminal Hacks 4 | . 4 . Part Schematic 1 | . 1 . Robot Analysis 1 | . 1 . Locate Traps 1 | . 1 . Hauler Manifests 1 | . 1 . Fabricator Hacks . | . . . Repair Station Hacks . | . . . Recycling Unit Hacks . | . . . Scanalyzer . | . . . Garrison Access Hacks . | . . . Unauthorized Hacks 1 | . 1 . Terminals . | . . . Fabricators . | . . . Repair Stations . | . . . Recycling Units 1 | . 1 . Tunnel 1 | . 1 . Scanalyzers . | . . . Garrison Access . | . . . Data Cores Recovered . | . . . Used . | . . . Hacking Detections 5 | . 5 . Full Trace Events 1 | . 1 . Feedback Events . | . . . Feedback Blocked . | . . . Robot Schematics Acquired . | . . . Robots Built . | . . . Authchips . | . . . Time . | . . . Total Robot Build Rating . | . . . Part Schematics Acquired 1 | . 1 . Parts Built . | . . . Authchips . | . . . Time . | . . . Total Part Build Rating . | . . . Parts Repaired . | . . . Time . | . . . Parts Recycled . | . . . Recycled Matter . | . . . Retrieved Matter . | . . . Retrieved Components . | . . . Parts Scanalyzed . | . . . Part Schematics Acquired . | . . . Parts Damaged . | . . . Bothacking | -11 -10 -10 ------------ Run | Yrd Mat Sub Used RIF Installer . | . . . Robots Hacked . | . . . Non-combat . | . . . Combat . | . . . Robot Hacks Applied . | . . . Relay Couplers Released . | . . . Fabnet Peak Effective % . | . . . Robots Rewired . | . . . Allies Hacked . | . . . Hacks Repelled . | . . . Allies | -11 -10 -10 -------- Run | Yrd Mat Sub Total Allies . | . . . Largest Group . | . . . Highest-Rated Group . | . . . Highest-Rated Ally . | . . . Total Orders . | . . . Ally Attacks . | . . . Total Damage . | . . . Kills . | . . . Allies Corrupted . | . . . Allies Melted . | . . . Intel | -11 -10 -10 ------- Run | Yrd Mat Sub Active Infowar (turns) 143 | . . 143 Optics 143 | . . 143 Robot Analysis Total 1 | . 1 . Derelict Logs Recovered 2 | . . 2 Drone Launches . | . . . Drone Recoveries . | . . . Exploration | -11 -10 -10 ------------- Run | Yrd Mat Sub Turns Passed 2863 | 84 1891 888 Spaces Moved 1380 | 47 998 335 Core 1 | 1 . . Treads 615 | 46 352 217 Legs . | . . . Wheels 764 | . 646 118 Hover . | . . . Flight . | . . . Fastest Speed 50 | 50 130 130 Average Speed 183 | 157 160 253 Slowest Speed 320 | 160 320 320 Overloaded Moves . | . . . Propulsion Burnouts . | . . . Robots Hopped . | . . . Potential Cave-ins . | . . . Cave-ins Triggered . | . . . Exploration Rate (%) 36 | 4 85 21 Regions Visited 2 Branch Regions 1 Pre-discovered Areas 2 | . 1 1 Known Exits Taken . | . . . Unknown Exits Taken 2 | 1 1 . Scrap Searched . | . . . Spaces Dug 38 | . 30 8 Terrain Destroyed 54 | . 30 24 Melee . | . . . Projectile . | . . . AOE 54 | . 30 24 Terrain Rammed . | . . . Walls Destroyed . | . . . Machines Disabled . | . . . Actions | -11 -10 -10 --------- Run | Yrd Mat Sub Total 1528 | 54 1121 353 Wait 13 | . 13 . Move 1378 | 46 997 335 Hop . | . . . Pick Up 11 | 2 9 . Fast Attach 12 | 6 5 1 Attach 2 | . 2 . Detach 2 | . 2 . Swap 7 | . 4 3 Drop 3 | . 2 1 Fire 100 | . 87 13 Melee . | . . . Ram . | . . . Kick . | . . . Crush . | . . . Escape Stasis . | . . . Rewire . | . . . Trap . | . . . Miscellaneous . | . . . Route ------- -11/Scrapyard -10/Materials (discovered 5 exits: [*Mat x3] / [*Min] / [*Sub]) -10/Subcaves History --------- Turn | Location | Event 18 | -11/Scrapyard | Discovered new exit (range 15) 85 | -11/Scrapyard | Entered Materials 231 | -10/Materials | Discovered new exit (range 12) 319 | -10/Materials | Build established: Mutant 471 | -10/Materials | Discovered new exit (range 11) 812 | -10/Materials | Discovered new exit (range 13) 894 | -10/Materials | Discovered new exit (range 14) 1370 | -10/Materials | Core integrity fell below 50% 1967 | -10/Materials | Discovered new exit (range 8) 1976 | -10/Materials | Entered Subcaves 1986 | -10/Subcaves | Learned location of Zion (-6) 2379 | -10/Subcaves | Learned Materials interactive machine intel 2690 | -10/Subcaves | Core integrity fell below 20% 2843 | -10/Subcaves | Shifting Twisted Machinery released Sub. Beam Cannon 2864 | -10/Subcaves | Destroyed by VW-HT8(R) with Subdweller Machine Gun Last Messages --------------- 02389_ CW45XTVD4|CN5IEV< BVRU& 02414_ System corrupted: Energy discharge (-31). 02418_ S6-3B6(u) builds Twisted Machinery. 02504_ System corrupted: Matter fused (-8). 02525_ AEI3H&G6CFVV 02631_ System corrupted: FCS attempts to trigger Lgt. Assault Rifle. 02631_ System corrupted: Lgt. Assault Rifle misfires. 02671_ Lgt. Armor Plating fries itself beyond repair. 02681_ Subatomizers dissect the Imp. Ion Engine. 02684_ Imp. Ion Engine fries itself beyond repair. 02690_ 0A-OKZ(R) destroyed. 02709_ System corrupted: Matter fused (-6). 02709_ Subatomizers dissect the Sub. Optics. 02721_ Acquired Sub. Optics. 02723_ Acquired 50 matter. 02739_ Acquired 59 matter. 02789_ System corrupted: Energy discharge (-43). Sub. Beam Cannon falls loose from the Twisted Machinery. 02861_ Lgt. Treads destroyed. Map ----- +----------------------------------------------------+ | ?????????????????????????????????????????????????? | | ?????????????????????????????????????????????????? | | ?????????????????????????????????????????????????? | | ?????????????????????????????????????????????????? | | ?????????????????????????????????????????????????? | | ?????????????????????????????????????????????????? | | ?????????????????????????????????????????????????? | | ?????????????????????????????????????????????????? | | ?????????????????????????????????????????????????? | | ?????????????????????????????????????????????????? | | ?????????????????????????????????????????????????? | | ?????????????????????????"???????????????????????? | | ?????????????????????????"???????????????????????? | | ????????????????????????? ???????????????????????? | | ????????????????????????# ##?????????????????????? | | ???????????????????????? ##????????????????????? | | ???????????????????????? ""##???????????????????? | | ???????????????????????? " #???????????????????? | | ????????????????????????#"" ????????????????????? | | ???????????????????????##" ????????????????????? | | ???????????????????????#"R #????????????????????? | | ???????????????????????#" R #????????????????????? | | ????????????????????????" #????????????????????? | | ????????????????????????] #????????????????????? | | ????????????????????????# #????????????????????? | | ???????????????????????##@ ;#????????????????????? | | ???????????????????????# ##????????????????????? | | ???????????????##??????## #????????????????????? | | ???????????????# #??????# ##????????????????????? | | ??????????????## ####### #?????????????????????? | | ?????????????## #?????????????????????? | | ??????????#### ##????????????????????? | | ??????????# #????????????????????? | | ??????????## ### ##????????????????????? | | ???????????# #### #?####????????????????????? | | ???????????## ????## ### #????????????????????? | | ?????????????????## ##???????????????????? | | ????????????????## #???????????????????? | | ##??????????????# ## ##???????????????????? | | ####???????????# ### #????????????????????? | | #??#######??# #?# #????????????????????? | | #### ##?## #?#####????????????????????? | | # # #?## #??????????????????????????? | | ?# # ### ##?????????????????????????? | | ## #?????????????????????????? | | # ## ##?????????????????????????? | | # ##??????????????????????????? | | ## ####???????????????????????????? | | ## ####??????????????????????????????? | | ## ?????????????????????????????????? | +----------------------------------------------------+ Best States ------------- Heat Dissipation 25 Energy Generation 10 Energy Capacity 125 Matter Stores 300 Matter Capacity 300 Sight Range 21 Terrain Scan Density 10 Evasion (%) 40 Recoil Reduction 2 Item Schematics ----------------- Seismic Detector | -10/Materials | Hacked Robot Schematics ------------------ None Fabricated ------------ Nothing Repaired ---------- Nothing Alien Tech Used ----------------- None Achievements -------------- None Challenges ------------ None Game ------ Seed ImpulseHoverGravjet Manual? 0 Play Time 00:12:59 Cumulative 414.9 hours Start 2025.06.15 @ 15:55:22 End 2025.06.15 @ 16:12:10 Sessions 1 Manual Loads 0 Difficulty Rogue Special Mode None Game No. 550 Rogue 550 Adventurer 0 Explorer 0 Win Type - Total 9 Types 6/1/1/1/0/0/0/0/0/0 Lore% 63 Gallery% 75 Achievement% 75 Wizard Run 0 Options --------- Layout 0 ASCII 0 Keyboard 1 Movement Numpad Keybinds 0 Fullscreen 2 Font 24/Smallcaps Map View 76x50 Zoom Use 0% Tactical HUD 1 Map Filters NONE Filters NONE Steam 1 RUN: d129d797-4f81-40b4-96fb-baa9c65010cf